 Dungeon Crawl Stone Soup version 0.29.1-1-gd02db6906a (webtiles) character file.

Game seed: 3802900166285197611

1108 karrick the Cudgeller (level 8, -6/49 HPs)
             Began as a Gargoyle Fighter on Sept 21, 2022.
             Was an Initiate of Okawaru.
             Mangled by a two-headed ogre
             ... wielding a +0 giant club
              (19 damage)
             ... on level 6 of the Dungeon.
             The game lasted 00:04:35 (4274 turns).

karrick the Cudgeller (Gargoyle Fighter)            Turns: 4274, Time: 00:04:35

Health: -6/49      AC: 13    Str: 20    XL:     8   Next: 33%
Magic:  8/8        EV:  9    Int:  9    God:    Okawaru [......]
Gold:   215        SH:  5    Dex: 11    Spells: 7/7 levels left

rFire   . . .      SeeInvis .   m - +2 mace (vorpal)
rCold   . . .      Faith    .   c - +0 buckler
rNeg    + . .      Spirit   .   b - +0 scale mail
rPois   ∞          Reflect  .   (no helmet)
rElec   +          Harm     .   (no cloak)
rCorr   .          Rampage  .   (no gloves)
Will    .....                   (no boots)
Stlth   ..........              (no amulet)
HPRegen 0.16/turn               (no ring)
MPRegen 0.11/turn               (no ring)

@: mighty
A: sickness immunity, AC +5, negative energy resistance 1, electricity
resistance, torment resistance 1, petrification resistance
a: Renounce Religion


You were on level 6 of the Dungeon.
You worshipped Okawaru.
Okawaru was noncommittal.
You visited 2 branches of the dungeon, and saw 7 of its levels.

You collected 215 gold pieces.

Inventory:

Hand Weapons
 a - a +0 flail
 m - a +2 vorpal mace (weapon)
Missiles
 u - 6 silver javelins (quivered)
Armour
 b - a +0 scale mail (worn)
 c - a +0 buckler (worn)
Scrolls
 d - a scroll of poison {unknown}
 f - 2 scrolls of magic mapping {unknown}
 g - 4 scrolls of blinking {unknown}
 h - 2 scrolls of teleportation {unknown}
 j - a scroll of enchant armour {unknown}
 k - 3 scrolls of identify {unknown}
 o - 2 scrolls of immolation {unknown}
 q - a scroll of enchant weapon {unknown}
 r - a scroll of vulnerability {unknown}
Potions
 e - a potion of invisibility {unknown}
 l - a potion of curing {unknown}
 n - a potion of lignification {unknown}
 p - a potion of ambrosia {unknown}
 s - 2 potions of attraction {unknown}


   Skills:
 + Level 5.0 Fighting
 + Level 7.2 Maces & Flails
 + Level 5.9 Armour
 - Level 0.3 Dodging
 + Level 0.7 Stealth
 + Level 4.4 Shields


You had 7 spell levels left.
You didn't know any spells.
Your spell library contained the following spells:

 Spells                   Type           Power      Damage    Failure   Level
 Stone Arrow              Conj/Erth      0%         3d7       99%         3
 Petrify                  Tmut/Erth      0%         N/A       100%        4
 Irradiate                Conj/Tmut      0%         3d11      100%        5
 Lehudib's Crystal Spear  Conj/Erth      0%         10d2      100%        8
 Sublimation of Blood     Necr           Unusable   N/A       N/A         2
 Animate Armour           Summ/Erth      Unusable   N/A       N/A         4

Dungeon Overview and Level Annotations

Branches:
Dungeon (6/15)             Temple (1/1) D:4

Altars:
Cheibriados
Dithmenos
Elyvilon
Fedhas
Gozag
Hepliaklqana
Kikubaaqudgha
Nemelex Xobeh
Okawaru
Qazlal
Sif Muna
Trog
Vehumet
Wu Jian
Xom
Yredelemnul
Zin
The Shining One


Innate Abilities, Weirdness & Mutations

You are immune to sickness and miasma.
Your stone body is resilient. (AC +5)
You are immune to poison.
You resist negative energy. (rN+)
You are resistant to electric shocks. (rElec)
You are resistant to unholy torment.
You are immune to petrification.


Message History

The necrophage barely misses you.
You barely miss the necrophage.
The necrophage is severely damaged.
You block the necrophage's attack.
You hit the necrophage.
You destroy the necrophage!
Okawaru accepts your kill.
Your Fighting skill increases to level 5!
No target in view!
There is a stone staircase leading up here.
Found a scroll labelled QITILL OSOS.
Found a short sword.
Found a kite shield.
You hear the slow rusting of a very distant drain.
Found a ring mail.
You see here a +0 ring mail.
A two-headed ogre comes into view. It is wielding two +0 giant clubs.
The two-headed ogre shouts in stereo!
The two-headed ogre barely misses you.
The two-headed ogre hits you but does no damage.
You feel very mighty all of a sudden.
You hit the two-headed ogre.
The two-headed ogre is lightly wounded.
The two-headed ogre hits you with a +0 giant club!!
Ouch! That really hurt!
You block the two-headed ogre's attack.
You sock the two-headed ogre!
The two-headed ogre is moderately wounded.
The two-headed ogre hits you but does no damage. x2
You feel much better.
You sock the two-headed ogre!
The two-headed ogre is heavily wounded.
The two-headed ogre hits you but does no damage.
The two-headed ogre hits you with a +0 giant club!
You sock the two-headed ogre!
The two-headed ogre is severely wounded.
The two-headed ogre hits you with a +0 giant club.
* * * LOW HITPOINT WARNING * * *
The two-headed ogre hits you with a +0 giant club!!
You die...

####.#########.#
#.......# #.#
#[##.##.# #.#
#.##.##.######<#
#.##...........#
#.####......†..#
#.#####.##.......
#......O###.#.####
#######@# #.#.#
#.# #.#># #.# #
#.# #.# #.# #.#
..# .## .


You could see a two-headed ogre.

Vanquished Creatures
  Pikel (D:4)
  Grinder (D:3)
  A black bear (D:4)
  2 lemures (D:4)
  A necrophage (D:6)
  A scorpion (D:4)
  3 jellies
  Jessica (D:2)
  An iguana (D:5)
  6 adders
  A worm (D:3)
  4 dart slugs
  4 orcs
  3 ball pythons
  3 endoplasms
  4 giant cockroaches
  6 hobgoblins
  4 jackals (D:1)
  4 quokkas
  5 bats
  2 frilled lizards (D:1)
  5 goblins
  8 kobolds
  4 rats
75 creatures vanquished.

Notes
Turn   | Place    | Note
-------+----------+-------------------------------------------
     0 | D:1      | karrick the Gargoyle Fighter began the quest for the Orb.
     0 | D:1      | Reached XP level 1. HP: 14/14 MP: 1/1
   449 | D:1      | Reached XP level 2. HP: 18/19 MP: 2/2
   856 | D:1      | Reached XP level 3. HP: 16/23 MP: 3/3
  1153 | D:2      | Found an opulent altar of Gozag.
  1364 | D:2      | Reached skill level 3 in Maces & Flails
  1390 | D:2      | Noticed Jessica
  1393 | D:2      | Killed Jessica
  1394 | D:2      | Reached XP level 4. HP: 29/29 MP: 4/4
  1966 | D:3      | Noticed Grinder
  1967 | D:3      | Paralysed by Grinder for 4 turns
  1979 | D:3      | Killed Grinder
  1980 | D:3      | Reached skill level 4 in Maces & Flails
  1980 | D:3      | Reached XP level 5. HP: 26/33 MP: 5/5
  1980 | D:3      | Reached XP level 6. HP: 30/38 MP: 6/6
  2441 | D:3      | Reached skill level 5 in Maces & Flails
  2544 | D:4      | Noticed a black bear
  2554 | D:4      | Killed a black bear
  2555 | D:4      | Reached skill level 5 in Armour
  2687 | D:4      | Reached XP level 7. HP: 36/43 MP: 7/7
  2759 | D:4      | Found a staircase to the Ecumenical Temple.
  2762 | D:4      | Noticed Pikel
  2801 | D:4      | Killed Pikel
  2802 | D:4      | Reached skill level 6 in Maces & Flails
  2802 | D:4      | Reached XP level 8. HP: 28/48 MP: 8/8
  2819 | Temple   | Entered the Ecumenical Temple
  3085 | Temple   | Became a worshipper of Warmaster Okawaru
  3184 | D:4      | Reached skill level 7 in Maces & Flails
  3283 | D:4      | Found a glowing golden altar of the Shining One.
  3470 | D:5      | Entered Level 5 of the Dungeon
  4154 | D:5      | Found an ornate altar of the Wu Jian Council.
  4209 | D:6      | Reached skill level 5 in Fighting
  4265 | D:6      | Noticed a two-headed ogre
  4274 | D:6      | Mangled by a two-headed ogre

Illustrated notes

Levels and vault maps discovered:
D:1:      giann_forest_graveyard, layout_basic
D:2:      layout_rooms, basic_altar, skrybe_limestone_x, uniq_jessica
D:3:      layout_basic, uniq_grinder
D:4:      layout_basic, tso_oasis_becter, minmay_temple_entry_stoned_glass,
          uniq_pikel
D:5:      layout_basic, nzn_wu_jian_council_hall
D:6:      layout_loops_ring, ashenzari_altar_1, portal_sewer_entry_e,
          nrook_loot_triangle
Temple:   nicolae_temple_bog_church

Skill      XL: |  1  2  3  4  5  6  7  8 |
---------------+-------------------------+-----
Maces & Flails | 3 4 5 6 7 |  7.2
Armour         | 4 5 |  5.9
Fighting       | 4 5 |  5.0
Shields        | 4 |  4.4
Dodging        | |  0.3
Stealth        | |  0.7

Action                   |  1- 3 |  4- 6 |  7- 9 || total
-------------------------+-------+-------+-------++-------
Melee: Flail             |   109 |    94 |       ||   203
       Mace              |       |    16 |    61 ||    77
  Use: Potion            |       |     1 |     3 ||     4
Armor: Scale mail        |    78 |    65 |    20 ||   163
Dodge: Dodged            |    70 |    52 |    19 ||   141
Block: Buckler           |    18 |    20 |    14 ||    52
